[Event "Julius Baer Generation Cup Prelims 2022"]
[Site "Online"]
[Date "2022.09.14"]
[Round "5.5"]
[White "Keymer, Vincent"]
[Black "Aronian, Levon"]
[Result "1-0"]
[ECO "D32"]
[WhiteElo "2693"]
[BlackElo "2759"]
[Annotator "TA"]
[PlyCount "133"]
[EventDate "2022.09.12"]
[EventType "tourn"]
[EventCountry "NET"]
[SourceTitle "playchess.com"]
[Source "ChessBase"]
[SourceQuality "1"]
[TimeControl "900+10"]

1. Nf3 d5 2. e3 Nf6 3. c4 e6 4. b3 Bd6 5. Bb2 O-O 6. Nc3 c5 7. cxd5 exd5 8. d4 cxd4 9. Nxd4 Nc6 10. Be2 Re8 11. O-O Nxd4 12. Qxd4 Be5 {[%emt 0:00:01] D32: Tarrasch Defence: Sidelines and lines without g3.} 13. Qd2 Bg4 14. Bxg4 Nxg4 {[%emt 0:00:03] White is slightly better.} 15. h3 Nf6 16. Rfd1 {[%emt 0:00:28] [#]} Qa5 $146 ({Predecessor:} 16... Rc8 17. Qd3 Qa5 18. Rac1 Rc6 19. a3 Qd8 20. Rb1 Kh8 21. Ne2 Bxb2 22. Rxb2 Qc7 {1-0 (65) Sassler,A (2480)-Bubir,A (2516) LSS email 2013}) 17. Rac1 Rad8 18. Na4 Qxd2 19. Rxd2 Ne4 20. Rdd1 (20. Rd3 $5 ) 20... Bxb2 21. Nxb2 Kf8 22. Rc7 Re7 23. Rc2 Ree8 24. Na4 b6 25. Nc3 (25. f3 $5 Nf6 26. Kf2 $14) 25... Rc8 26. Rdc1 Rc5 {[%emt 0:00:04] Threatens to win with ...Rec8.} 27. Nxe4 Rxc2 28. Rxc2 dxe4 $11 {[%emt 0:00:01][%mdl 4096] Endgame KR-KR} 29. h4 h5 30. Kh2 g6 31. b4 Re6 32. Rc8+ Kg7 33. b5 Re5 34. a4 Rf5 35. Kg3 ({Better is} 35. Kg1 $1) 35... g5 $16 36. hxg5 $1 Rxg5+ 37. Kh2 $1 Rf5 {[%emt 0:00:01] [#]} 38. Kg1 $1 Rd5 39. Rc7 {[%emt 0:00:26] Inhibits Rd7.} Rd1+ (39... a6 $16 {keeps fighting.}) 40. Kh2 $18 Rd2 41. Kg3 (41. Rxa7 Rxf2 42. Ra6 Ra2 $16) 41... Kg6 (41... h4+ $142 42. Kxh4 Rxf2) 42. Rxa7 {[%emt 0:00:03] Strongly threatening Ra6.} Ra2 43. Ra6 {[%emt 0:00:24] a5 is the strong threat.} Kg5 $2 (43... Kf5 44. Rxb6 Rxa4) 44. Rxb6 {[%emt 0:00:15] Hoping for Ra6.} h4+ 45. Kh3 Rxa4 46. Rb7 Ra1 47. f4+ $2 (47. Kh2 $18) 47... exf3 $1 $11 48. gxf3 Ra3 49. f4+ (49. Re7 $5 ) 49... Kg6 (49... Kh5 $1 $11) 50. Re7 (50. Kxh4 $16 Rxe3 51. Kg4) 50... Rb3 51. Re5 f6 52. Rc5 Rxe3+ 53. Kxh4 {[%emt 0:00:01] aiming for f5+.} Kf7 $2 (53... Re1 $11) 54. Kg4 $18 Kg6 55. f5+ Kh6 56. Kf4 Re1 57. Rc3 $2 (57. Rc6 {mates} Rf1+ 58. Ke4 Kg5 59. Rc5 (59. b6 Rd1 $16) 59... Kg4 60. Rd5 (60. b6 Rb1 $16) 60... Rc1 61. Kd4 Kh3 62. Rc5) 57... Rb1 $11 58. Rc5 $2 (58. Rh3+ $11 Kg7 59. Rh2 (59. Rg3+ Kf7 $11)) 58... Re1 $1 $18 59. Rc6 Rf1+ 60. Kg4 $2 (60. Ke4 $18 Kg5 61. Rc5 (61. b6 Rb1 $16)) 60... Rg1+ $2 (60... Kg7 $11) 61. Kf4 Rf1+ 62. Ke4 Kg5 63. Rc5 {[%emt 0:00:00] White wants to mate with Rd5.} ({Weaker is} 63. b6 Rb1 64. Rd6 Rb5 $16) 63... Rd1 {[%emt 0:00:30] [#]} 64. Rd5 $1 {[%emt 0:00:07] White mates.} ({Not} 64. b6 Rb1 $16) 64... Rb1 65. Kd4 Kf4 66. Kc5 Ke4 67. Kc6 {[%emt 0:00:07] Weighted Error Value: White=0.49/Black=0.45} 1-0

[Event "Julius Baer Generation Cup Prelims 2022"]
[Site "Online"]
[Date "2022.09.14"]
[Round "5.6"]
[White "Erigaisi Arjun"]
[Black "Niemann, Hans Moke"]
[Result "1-0"]
[ECO "E11"]
[WhiteElo "2725"]
[BlackElo "2688"]
[Annotator "TA"]
[PlyCount "99"]
[EventDate "2022.09.12"]
[EventType "tourn"]
[EventCountry "NET"]
[SourceTitle "playchess.com"]
[Source "ChessBase"]
[SourceQuality "1"]
[TimeControl "900+10"]

1. d4 Nf6 2. c4 e6 3. g3 Bb4+ 4. Bd2 Be7 5. Bg2 d5 6. Nf3 O-O 7. O-O Nbd7 {[%emt 0:00:00] CPLX 2.1} 8. c5 {[%emt 0:00:03] CPLX 2.1. E11: Bogo-Indian.} Ne4 {[%emt 0:00:04] CPLX 2.0} 9. Nc3 {[%emt 0:00:04] CPLX 2.2 14 (Bd2-e3) (=7)} f5 {[%emt 0:00:01] CPLX 2.5} 10. b4 {[%emt 0:00:04][%cal Bb2b4,Bb4b5][%mdl 32] BESTDEEP. The position is equal.} c6 {[%emt 0:00:06] [#] CPLX 2.6} 11. b5 $5 $146 {[%emt 0:00:05][%mdl 8] BESTDEEP New and interesting.} ({Predecessor:} 11. Qc2 Bf6 12. Rad1 e5 13. dxe5 Nxe5 14. Nxe5 Bxe5 15. Be1 Qf6 16. Rd3 Qe7 17. f3 Nxc3 18. Bxc3 {½-½ (35) Toivonen,A (2243)-Ivanov,S (2325) Petrozavodsk 2007}) 11... Bf6 {[%emt 0:00:29][%cal Od7c5] BESTDEEP} 12. Rc1 {[%emt 0:01:58] BESTDEEP} Nxd2 {[%emt 0:01:23] CPLX 2.8 9 (Ne4xc3) (=2)} (12... a6 {is more complex.} 13. bxc6 bxc6 14. Qa4 Nxd2 15. Nxd2 Qc7) 13. Qxd2 {[%emt 0:00:03] RECAPT} Qa5 $2 {[%emt 0:01:18] [#] RELBLUND 191 (g7-g5) (=29)} (13... g5 $11) 14. bxc6 $1 $18 {[%emt 0:00:17] DEEPSTRONG=>BLUNDERREACT} bxc6 {[%emt 0:00:06] [#] RECAPT} 15. Nxd5 {[%emt 0:00:03][%mdl 512] EASY} Qxd2 {[%emt 0:00:07] CPLX 3.5} 16. Nxf6+ {[%emt 0:00:01] EASY} Nxf6 {[%emt 0:00:01] RECAPT} 17. Nxd2 {[%emt 0:00:00][%cal Bf3d2,Bd2e4,Be4d6][%mdl 32] EASY} Nd5 {[%emt 0:00:01] CPLX 2.0} 18. e4 {[%emt 0:02:19] CPLX 2.0 7 (Rf1-e1) (=2)} fxe4 {[%emt 0:00:04] EASY} 19. Nxe4 {[%emt 0:00:00] RECAPT} Ba6 {[%emt 0:00:06] CPLX 2.1 40 (Ra8-b8) (=18)} 20. Rfd1 {[%emt 0:00:15] CPLX 2.4 35 (Rf1-e1) (=4)} Rab8 {[%emt 0:00:39] CPLX 2.2} 21. Rd2 {[%emt 0:00:05] Prevents Rb2. BESTDEEP} h6 {[%emt 0:00:32] CPLX 2.4 3 (Rb8-b4) (=16)} 22. h4 {[%emt 0:00:03] BESTDEEP} Rb4 {[%emt 0:00:31] CPLX 2.4} 23. Nd6 {[%emt 0:01:18] CPLX 2.5} Rfb8 {[%emt 0:00:04] CPLX 2.7} 24. Bh3 {[%emt 0:00:18] CPLX 2.6} Nc7 {[%emt 0:00:05] CPLX 2.6} 25. Rc3 {[%emt 0:00:03] BESTDEEP} Rb1+ {[%emt 0:00:15] CPLX 2.4 67 (Rb4-a4) (=16)} (25... Ra4 $142 26. Re3 Rb1+ 27. Kh2 Ra1) 26. Kh2 {[%emt 0:00:43] CPLX 2.5} Bf1 {[%emt 0:00:53] CPLX 2.5 5 (Rb1-b2) (=16)} 27. Bg4 {[%emt 0:00:31] CPLX 2.7 50 (Bh3xf1) (=5)} R8b2 {[%emt 0:00:13] CPLX 2.4 31 (g7-g5) (=16)} 28. Rxb2 {[%emt 0:00:39] CPLX 2.8} Rxb2 {[%emt 0:00:01] RECAPT} 29. Ra3 {[%emt 0:00:17] CPLX 2.4 30 (Rc3-b3) (=6)} a6 {[%emt 0:00:31] BESTDEEP} 30. Kg1 {[%emt 0:01:04] CPLX 2.4 55 (Ra3-b3) (=8)} (30. Rb3 $18 Rxb3 31. axb3) 30... Rb1 {[%emt 0:00:01] CPLX 2.5 65 (Bf1-b5) (=17)} (30... Bb5 $16 31. Bh3 Rd2) 31. Rb3 {[%emt 0:00:35] CPLX 2.4} Ra1 {[%emt 0:01:11] CPLX 2.7 121 (Rb1xb3) (=21)} (31... Rxb3 $142 32. axb3 Bd3) 32. Kh2 {[%emt 0:00:28] Rb7 is the strong threat. MISS-Rb3-b8 95 (Rb3-b8) (=11)} Bb5 {[%emt 0:00:58] DEEPSTRONG} 33. Ra3 {[%emt 0:01:17] CPLX 2.4 5 (a2-a3) (=11)} Rb1 {[%emt 0:00:51] CPLX 2.4 0 (g7-g6) (=20)} 34. Bh3 {[%emt 0:00:59] CPLX 2.4 13 (Ra3-e3) (=11)} Bf1 {[%emt 0:02:10] CPLX 2.3 72 (Bb5-e2) (=22)} (34... Be2 {was worth a try.} 35. Re3 Rb2) 35. Nc8 {[%emt 0:00:06] BESTDEEP} Bxh3 {[%emt 0:01:19] CPLX 2.2 42 (Bf1-b5) (=22)} 36. Kxh3 {[%emt 0:00:00][%mdl 4096] Endgame KRN-KRN. RECAPT} Nb5 {[%emt 0:00:07] EASY} 37. Rd3 {[%emt 0:01:20] MISS-Ra3xa6 15 (Ra3xa6) (=11)} Kf7 $2 {[%emt 0:01:25] CPLX 2.0 344 (Rb1-a1) (=32)} (37... Ra1 {is more resistant.} 38. Ne7+ Kf7 39. Nxc6 Rxa2) 38. a4 {[%emt 0:00:08] CPLX 2.1=>BLUNDERREACT. White is clearly winning.} Nc7 {[%emt 0:00:01] CPLX 2.3} 39. Rf3+ {[%emt 0:00:23] CPLX 2.0} Kg8 {[%emt 0:00:10] BESTDEEP} 40. Ne7+ {[%emt 0:00:03] EASY} Kh7 {[%emt 0:00:01] CPLX 2.0} 41. Nxc6 {[%emt 0:00:15] CPLX 2.0} Ra1 {[%emt 0:00:01] CPLX 2.1 118 (Nc7-d5) (=32)} 42. Rf7 {[%emt 0:00:13] CPLX 2.1} Nd5 {[%emt 0:00:06] EASY} 43. Nd8 {[%emt 0:00:03] CPLX 2.3} Kg8 {[%emt 0:00:33] EVAL 75 (Ra1-h1) (=32)} 44. Ra7 {[%emt 0:00:02] CPLX 2.4} Ra2 {[%emt 0:00:24] EVAL 242 (Ra1-e1) (=38)} 45. Nxe6 {[%emt 0:00:06] EVAL} Rxf2 {[%emt 0:00:01] BEVAL 400 (Kg8-h8) (=47)} 46. Rxg7+ {[%emt 0:00:14] EVAL} Kh8 {[%emt 0:00:02] BEVAL} 47. Rd7 {[%emt 0:00:26] BEVAL} Ne3 {[%emt 0:00:03] BEVAL} 48. c6 {[%emt 0:00:54] White wants to mate with c7. BEVAL} Rf1 {[%emt 0:00:04] BEVAL 0 (Rf2-c2) (=43)} 49. g4 {[%emt 0:00:02] Threatening mate with c7.} Rf3+ 50. Kh2 {[%emt 0:00:01] Weighted Error Value: White=0.10 (very precise) /Black=0.36} 1-0

[Event "Julius Baer Generation Cup Prelims 2022"]
[Site "Online"]
[Date "2022.09.14"]
[Round "5.7"]
[White "Carlsen, Magnus"]
[Black "Navara, David"]
[Result "1/2-1/2"]
[ECO "D35"]
[WhiteElo "2861"]
[BlackElo "2681"]
[Annotator "TA"]
[PlyCount "134"]
[EventDate "2022.09.12"]
[EventType "tourn"]
[EventCountry "NET"]
[SourceTitle "playchess.com"]
[Source "ChessBase"]
[SourceQuality "1"]
[TimeControl "900+10"]

1. d4 Nf6 2. c4 e6 3. Nf3 d5 4. cxd5 exd5 5. Nc3 c6 6. Bf4 Bf5 7. e3 Bd6 8. Bxd6 Qxd6 9. Nh4 {[%emt 0:00:06] [#] D35: Queen's Gambit Declined: Exchange Variation.} Be6 $5 $146 {[%emt 0:00:31][%mdl 8] An interesting novelty.} ({Predecessor:} 9... Bg6 10. h3 Nbd7 11. Nxg6 hxg6 12. Bd3 O-O 13. O-O Rfe8 14. Rb1 a5 15. a3 b5 16. Qc2 Nb6 {1-0 (65) Carlsen,M (2832)-So,W (2815) Chess.com INT 2017}) 10. Bd3 Nbd7 11. h3 {[%emt 0:00:31] White has an edge.} Nb6 12. O-O O-O 13. Nf3 Qe7 14. Qc2 g6 15. Rae1 Nc8 16. Ng5 Nd6 17. Nxe6 fxe6 18. e4 dxe4 (18... Nfxe4 {feels hotter.} 19. Nxe4 dxe4 20. Bxe4 Rad8) 19. Bxe4 (19. Nxe4 {is interesting.} Nfxe4 20. Bxe4 Rae8 21. Bd3) 19... Nfxe4 20. Nxe4 Nxe4 21. Rxe4 Rad8 22. Rfe1 Rf6 23. R1e3 Rd5 24. a3 Qd6 25. Qc3 Rdf5 26. Re2 Rf4 27. Rxf4 Rxf4 $14 {[%emt 0:00:00][%mdl 4096] Endgame KQR-KQR} 28. Qb3 Rf7 ({Don't take} 28... Rxd4 29. Rxe6 Qd5 30. Qe3 $16 (30. Re8+ Kf7 $11)) 29. Re4 c5 ({Black should try} 29... Kf8 $14) 30. Qxe6 $16 (30. Qc4 {with more complications.} cxd4 31. Rxe6 Qf4 32. f3) 30... Qxe6 31. Rxe6 cxd4 {[%emt 0:00:35] KR-KR} 32. Rd6 {[%emt 0:00:03][%cal Be6d6,Bd6d4,Bd4e4,Be4b4,Bb4b5,Bb5d5][%mdl 32] Prevents Rd7.} Rc7 33. Rxd4 b6 34. g4 Kf7 35. Kg2 Ke6 36. Re4+ Kf6 37. Kg3 Rc2 38. Rb4 g5 ({Black should play} 38... h5) 39. Rb5 Kg6 40. f3 Rd2 41. h4 h6 42. a4 $1 Rc2 43. Rd5 {[%emt 0:01:53] Hoping for Rd6+.} Rxb2 $2 {[%emt 0:00:04][%mdl 8192] [#]} (43... gxh4+ $16 {is more resistant.} 44. Kxh4 Rh2+ 45. Kg3 Rxb2) 44. Rd6+ $1 $18 Kg7 45. Rd7+ Kh8 {[%emt 0:00:24] [#]} 46. Rxa7 (46. Rd5 $142 $1) 46... Ra2 $16 47. Ra8+ Kg7 48. Ra6 Kh7 49. Ra7+ (49. Rxb6 $16 {And now Rb7+ would win.} gxh4+ 50. Kxh4 Rxa4 51. Rb3 (51. Kh5 Ra5+ 52. Kh4 Kg7 $16)) 49... Kg8 (49... Kh8 $11) 50. Rb7 Rxa4 51. Rxb6 Kg7 52. Rb7+ Kf6 53. h5 {[%emt 0:00:42] Rh7 is the strong threat.} Ra6 54. Kf2 Ra2+ 55. Ke3 {[%emt 0:00:02] Strongly threatening Rh7.} Ra3+ 56. Ke4 {[%emt 0:00:05] Threatens to win with Rh7.} Ra4+ 57. Kd5 {[%emt 0:00:03] Black must now prevent Rh7.} Ra7 58. Rb6+ Kg7 59. Rg6+ Kh7 60. Rd6 Rf7 61. Ke4 Rf4+ 62. Ke3 Kg7 63. Rd7+ Kg8 64. Rd4 (64. Rb7 $16) 64... Rf6 (64... Rxd4 $1 $11 {keeps the balance.} 65. Kxd4 Kf8) 65. Rd8+ {[%emt 0:00:15] White is better.} Kg7 66. Rd7+ Kg8 67. Rd3 Rf4 {[%emt 0:00:04] Blacks defense is rewarded with a draw.  Weighted Error Value: White=0.07 (flawless) /Black=0.15 (very precise)} 1/2-1/2

[Event "Julius Baer Generation Cup Prelims 2022"]
[Site "Online"]
[Date "2022.09.14"]
[Round "5.8"]
[White "Adhiban, B.."]
[Black "Le, Quang Liem"]
[Result "0-1"]
[ECO "D35"]
[WhiteElo "2603"]
[BlackElo "2728"]
[Annotator "TA"]
[PlyCount "132"]
[EventDate "2022.09.12"]
[EventType "tourn"]
[EventCountry "NET"]
[SourceTitle "playchess.com"]
[Source "ChessBase"]
[SourceQuality "1"]
[TimeControl "900+10"]

1. d4 Nf6 2. c4 e6 3. Nc3 d5 4. cxd5 exd5 5. Bg5 Bb4 6. Qb3 {[%emt 0:01:33] D35: Queen's Gambit Declined: Exchange Variation.} c5 7. dxc5 Nc6 {[%emt 0:00:02] aiming for ...d4.} 8. O-O-O {[%emt 0:00:22][%cal Rc3d5] White is slightly better.} Be6 (8... Qa5 $11 {deserves consideration.}) 9. Bxf6 (9. e4 $1 $16 d4 10. Bc4 Bxc4 11. Qxc4) 9... Qxf6 $11 10. Nxd5 Qxf2 {[%emt 0:01:34] And now ...Bxd5 would win.} 11. Nc7+ {[%emt 0:01:32] Pair of Knights!} Ke7 12. Nxe6 fxe6 {[%emt 0:00:02] [#]} 13. Qg3 $146 (13. Kb1 $11 {remains equal.}) ({Predecessor:} 13. e3 Rad8 14. Bd3 Rd5 15. a3 Qxe3+ 16. Kb1 Rhd8 17. axb4 Rxd3 18. Rxd3 Rxd3 19. Qc4 Qe1+ {0-1 (19) Luessmann,T (1955)-Wagner,F (2126) Fuerth 2016}) 13... Qxg3 $1 $17 {[%emt 0:00:44] Chess con chili.} 14. hxg3 Bxc5 {[%emt 0:01:23] Threatens to win with ...Rhd8.} 15. e4 Rac8 16. Nf3 Bd6 17. Rh3 Ne5+ 18. Kb1 Ng4 {[%emt 0:00:01] ...Nf2 is the strong threat.} 19. Rh5 g6 20. Rb5 b6 {[%emt 0:00:05] Active counter play!} 21. e5 {[%emt 0:00:10] [#]} Bc5 22. Rb3 Rhd8 $1 $36 {[%emt 0:00:22][%mdl 2048] White is under pressure.} 23. Rxd8 Rxd8 24. Rd3 {[%emt 0:00:02] [#] Against Rd1+. White is now going downhill.} ({White should play} 24. Bb5 $15) 24... Rxd3 $1 25. Bxd3 {[%emt 0:00:00][%mdl 4096] Endgame KBN-KBN} Bf2 26. Ng5 Bxg3 27. Ne4 Bxe5 28. Be2 Ne3 29. g4 h6 30. b3 Nd5 31. Kc2 Nf4 32. Bd1 h5 33. gxh5 gxh5 34. Kd2 (34. Nf2 $142) 34... h4 $19 35. Ke3 h3 36. Bf3 Nd5+ 37. Kd2 Nb4 38. a4 $2 (38. Nf2) 38... Nc6 39. Bh1 h2 40. Kd3 Bd6 41. Kc4 a6 42. Kd3 Ne5+ 43. Ke2 a5 {[%emt 0:00:16] Strongly threatening ...Bc5.} 44. Nd2 $2 (44. Nf2 {only move.}) 44... Bc5 45. Ne4 Bg1 46. Kd2 Kf7 47. Kc3 Bc5 {[%emt 0:00:14] Inhibits b4.} 48. Kd2 Kg6 49. Ke2 Kf5 50. Ng3+ Kg4 51. Ne4 Kf4 52. Nf6 Be7 53. Ne4 (53. Nh5+ Kg5 54. Ng7) 53... Nc6 54. Kd3 (54. Kf2 $142 Nd4 55. Nc3) 54... e5 55. Nc3 Nb4+ 56. Ke2 Bc5 57. Ne4 Nc2 58. Nd2 Bb4 59. Nc4 Nd4+ 60. Kd3 Nxb3 61. Nxb6 e4+ 62. Ke2 Ke5 {[%emt 0:00:55] Black mates.} 63. Nd7+ Kd4 64. Nb8 Nc1+ 65. Kd1 {[%emt 0:00:01] [#]} e3 $1 66. Nc6+ Kc3 {[%emt 0:00:17] Weighted Error Value: White=0.33/Black=0.10 (very precise)} 0-1

[Event "Julius Baer Generation Cup Prelims 2022"]
[Site "Online"]
[Date "2022.09.14"]
[Round "6.1"]
[White "Giri, Anish"]
[Black "Le, Quang Liem"]
[Result "1/2-1/2"]
[ECO "C80"]
[WhiteElo "2764"]
[BlackElo "2728"]
[Annotator "TA"]
[PlyCount "120"]
[EventDate "2022.09.12"]
[EventType "tourn"]
[EventCountry "NET"]
[SourceTitle "playchess.com"]
[Source "ChessBase"]
[SourceQuality "1"]
[TimeControl "900+10"]

1. e4 e5 2. Nf3 Nc6 3. Bb5 a6 4. Ba4 Nf6 5. O-O Nxe4 6. d4 b5 7. Bb3 d5 8. dxe5 Be6 9. Nbd2 Nc5 10. c3 d4 11. Bxe6 Nxe6 12. cxd4 Ncxd4 13. a4 Bb4 {[%emt 0:00:02] C80: Open Ruy Lopez: Sidelines and 9 Nbd2.} 14. axb5 Nxb5 (14... axb5 $2 15. Rxa8 Qxa8 16. Nxd4 Nxd4 17. Qg4 $16) 15. Qa4 c5 {[%emt 0:00:03] White is slightly better.} 16. Nc4 {[%emt 0:00:19] [#] Black must now prevent Rd1.} O-O 17. Be3 {[%emt 0:00:03] [#]} Nbd4 $146 (17... Rb8 $11 {keeps the balance.}) ({Predecessor:} 17... Rb8 18. Qd1 Qc8 19. Qc2 Qc6 20. Rfd1 Rfd8 21. Ng5 Nxg5 22. Bxg5 Rxd1+ 23. Rxd1 Nd4 {½-½ (30) Simmelink,J (2447)-Kovacs,A (2409) LSS email 2014}) 18. Bxd4 $16 Nxd4 19. Nxd4 Qxd4 {[%emt 0:00:01] [#]} 20. Qc2 a5 21. Rad1 Qg4 22. b3 (22. f4 $18) 22... Qg6 $14 23. Qxg6 (23. Qe2 $14) 23... hxg6 $11 24. Rd3 Rfd8 25. Rfd1 Rxd3 26. Rxd3 {[%emt 0:00:00][%mdl 4096] Endgame KRB-KRN} a4 27. bxa4 Rxa4 {[%emt 0:00:00] ( -> ...Ra1+)} 28. g3 Ba5 {[%emt 0:00:19] Inhibits Rd8+.} 29. Nxa5 Rxa5 {[%emt 0:00:00] KR-KR} 30. Rd8+ Kh7 31. Rd7 Kg8 32. Rd8+ Kh7 33. Rf8 c4 34. Rxf7 Rxe5 35. Rc7 Re1+ 36. Kg2 Rc1 37. h4 Kg8 38. Kf3 Rc2 39. Ke3 c3 40. Kf3 Kf8 41. Ke3 Kg8 42. g4 Kf8 43. Kf3 Kg8 44. Kg3 Kh7 45. Rc6 Rc1 46. Kf4 Rh1 47. Kg5 (47. Rxc3 $14 Rxh4 48. Kg5) 47... Rh3 {[%emt 0:00:10] The position is equal.} 48. Rxg6 Rxh4 49. Rc6 Rh2 50. f4 c2 51. Rc8 Rd2 52. f5 Rf2 53. Rc7 Rd2 54. f6 Rd5+ 55. Kh4 c1=Q 56. Rxc1 gxf6 57. Rf1 Kg6 58. Rf4 f5 59. gxf5+ Rxf5 60. Rxf5 Kxf5 {[%emt 0:00:01] Weighted Error Value: White=0.10 (very precise) /Black=0.08 (flawless)} 1/2-1/2

[Event "Julius Baer Generation Cup Prelims 2022"]
[Site "Online"]
[Date "2022.09.14"]
[Round "6.2"]
[White "Navara, David"]
[Black "Adhiban, B.."]
[Result "1/2-1/2"]
[ECO "A88"]
[WhiteElo "2681"]
[BlackElo "2603"]
[Annotator "TA"]
[PlyCount "73"]
[EventDate "2022.09.12"]
[EventType "tourn"]
[EventCountry "NET"]
[SourceTitle "playchess.com"]
[Source "ChessBase"]
[SourceQuality "1"]
[TimeControl "900+10"]

1. d4 f5 2. Nf3 Nf6 3. g3 g6 4. Bg2 Bg7 5. O-O O-O 6. c4 d6 7. Nc3 c6 8. d5 e5 9. dxe6 Bxe6 10. b3 Ne4 {[%emt 0:00:03] CPLX 2.1 38 (Nb8-a6) (=38)} 11. Nxe4 {[%emt 0:00:13] EASY. A88: Dutch Defence: Leningrad System: 5 Nf3 0-0 6 0-0 d6 7 Nc3 c6.} fxe4 {[%emt 0:00:01] RECAPT} 12. Nd4 {[%emt 0:00:32] CPLX 2.8} Qd7 $5 {[%emt 0:00:03][%mdl 4] CPLX 3.1 18 (Be6-g4) (=19) Exploring less charted territory.} 13. Bxe4 {[%emt 0:04:00] BESTDEEP. White is slightly better.} Bh3 {[%emt 0:00:04] EASY} 14. Re1 {[%emt 0:00:41][%cal Bf1e1,Be1d1,Bd1d6][%mdl 32] BESTDEEP} Qf7 {[%emt 0:00:02] [#] CPLX 3.8 15 (Nb8-a6) (=14)} 15. Be3 $146 {[%emt 0:00:59] CPLX 4.0 57 (Bc1-f4) (=11)} (15. Bf4 $14) ({Predecessor:} 15. f4 Na6 16. e3 Rfe8 17. Bf3 Rad8 18. Ba3 Nc7 19. Rc1 d5 20. c5 Re7 21. Bb2 {½-½ (35) Civitillo,A (2416)-Morales,O (2302) ICCF email 2018}) 15... Nd7 $11 {[%emt 0:00:02] CPLX 3.8} 16. Nf3 {[%emt 0:00:42] CPLX 3.8 0 (Qd1-d2) (=10)} Bxa1 {[%emt 0:00:51] CPLX 3.5} 17. Qxa1 {[%emt 0:00:43] MISS-Nf3-g5 0 (Nf3-g5) (=8)} Bf5 {[%emt 0:00:16] CPLX 4.3 12 (Qf7-f6) (=10)} 18. Bxf5 {[%emt 0:00:27] CPLX 3.5 30 (Nf3-d2) (=11)} Qxf5 {[%emt 0:00:01] RECAPT} 19. Rd1 {[%emt 0:00:15] CPLX 3.4} Ne5 {[%emt 0:00:10] CPLX 3.5 10 (Qf5-f6) (=9)} 20. Rxd6 {[%emt 0:01:54] CPLX 3.1} Nxf3+ {[%emt 0:00:06] CPLX 3.2} 21. exf3 {[%emt 0:00:00] RECAPT} Qxf3 {[%emt 0:00:06] RECAPT} 22. Qd4 {[%emt 0:00:37] Black must now prevent Bh6. CPLX 4.8} ({Of course not} 22. Rd7 Rf7 23. Qd1 Qxd1+ 24. Rxd1 Rc8 $17) 22... Rae8 {[%emt 0:00:51] MISS-Rf8-f7 6 (Rf8-f7) (=8)} 23. Rd7 {[%emt 0:01:00][%csl Gd7][%cal Rd4g7] Dancing on a razor blade. CPLX 5.1 37 (Qd4xa7) (=10)} Rf7 {[%emt 0:00:05] Against Qg7+. EASY} 24. h4 {[%emt 0:01:18] CPLX 5.1 49 (Rd7-d6) (=12)} (24. Rd6 $11) 24... Rxd7 $17 {[%emt 0:01:29] BESTDEEP} 25. Qxd7 {[%emt 0:00:00][%mdl 4096] Endgame [#] KQR-KQB. RECAPT} Qf7 {[%emt 0:00:02] CPLX 4.9} 26. Qd4 {[%emt 0:00:52] CPLX 3.1} Qg7 {[%emt 0:06:01] CPLX 2.8 93 (a7-a6) (=11)} (26... a6 $17) 27. Qxa7 $11 {[%emt 0:00:23] EASY. The position is equal.} Rd8 {[%emt 0:00:34] CPLX 2.5 0 (Qg7-f7) (=11)} 28. Bg5 {[%emt 0:00:58] CPLX 2.5 0 (Kg1-h2) (=10)} Rd1+ {[%emt 0:01:41] CPLX 2.8} 29. Kh2 {[%emt 0:00:02] MISS-Kg1-g2 0 (Kg1-g2) (=9)} h6 {[%emt 0:00:06] CPLX 3.7 0 (Qg7-f7) (=10)} 30. Be3 {[%emt 0:00:01] CPLX 3.9} Qe7 {[%emt 0:01:29] [#] ...Qe4 is the strong threat. CPLX 3.6 0 (g6-g5) (=9)} 31. Qb8+ {[%emt 0:00:21] CPLX 3.9} Qf8 {[%emt 0:04:05] BESTDEEP} 32. Qxb7 {[%emt 0:00:28] CPLX 3.7} Qf3 {[%emt 0:00:02][%csl Gd1][%cal Rf3h1] EASY} 33. Qb8+ {[%emt 0:00:01] CPLX 5.5 0 (Qb7-c8) (=8)} Kh7 {[%emt 0:00:17][%csl Gd1][%cal Rf3h1] CPLX 4.9 0 (Kg8-f7) (=8)} 34. Qc7+ {[%emt 0:00:04] CPLX 5.3 0 (Qb8-a7) (=7)} Kg8 {[%emt 0:00:01][%csl Gf3][%cal Rd1h1] EASY} 35. Qb8+ {[%emt 0:00:02] CPLX 5.5 0 (Qc7-c8) (=7)} Kh7 {[%emt 0:00:02][%csl Gf3][%cal Rd1h1] CPLX 4.9 0 (Kg8-f7) (=7)} 36. Qc7+ {[%emt 0:00:01] CPLX 5.3 0 (Qb8-a7) (=7)} Kg8 {[%emt 0:00:01][%csl Gf3][%cal Rd1h1] EASY} 37. Qb8+ {[%emt 0:00:01] Weighted Error Value: White=0.09 (flawless) /Black=0.08 (flawless)} 1/2-1/2